 Dungeon Crawl Stone Soup version 0.18-a0-1788-g92de1ac (webtiles) character file.

1661 Murumi the Blocker (level 9, -7/65 HPs)
             Began as a Formicid Fighter on Apr 20, 2016.
             Was an Initiate of Elyvilon.
             Killed by divine providence
             ... invoked by an orc priest
              (10 damage)
             ... on level 7 of the Dungeon.
             The game lasted 00:21:49 (6682 turns).

Murumi the Blocker (Formicid Fighter)               Turns: 6682, Time: 00:21:50

Health: -7/65      AC: 14    Str: 25    XL:     9   Next: 20%
Magic:  12/12      EV:  6    Int:  7    God:    Elyvilon [......]
Gold:   285        SH: 17    Dex: 10    Spells: 0 memorised, 8 levels left

rFire  . . .     SeeInvis +     a - +0 long sword
rCold  . . .     Gourm    .     e - +0 chain mail
rNeg   . . .     Faith    .     v - +0 large shield
rPois  .         Spirit   .     (helmet unavailable)
rElec  .         Dismiss  .     (no cloak)
rCorr  .         Reflect  .     n - +0 pair of gloves
SustAt .         Harm     .     o - +2 pair of boots
MR     .....                    (no amulet)
Stlth  ..........               (no ring)
                                (no ring)

@: not resistant to hostile enchantments, extremely unstealthy
A: permanent stasis, dig shafts and tunnels, four strong arms, antennae 3
a: Dig, Shaft Self, Renounce Religion


You were on level 7 of the Dungeon.
You worshipped Elyvilon.
Elyvilon was noncommittal.
You were very hungry.

You visited 1 branch of the dungeon, and saw 7 of its levels.

You collected 285 gold pieces.

Inventory:

Hand Weapons
 a - a +0 long sword (weapon)
Missiles
 p - 14 bolts
Armour
 e - a +0 chain mail (worn)
 n - a +0 pair of gloves (worn)
 o - a +2 pair of boots (worn)
 v - a +0 large shield (worn)
Jewellery
 k - an uncursed amulet of guardian spirit
Scrolls
 d - a scroll of remove curse
 t - 2 scrolls of amnesia
Potions
 b - a potion of invisibility
 c - a potion of berserk rage {unknown}
 i - a potion of ambrosia {unknown}
 l - 3 potions of flight
 m - a potion of degeneration {unknown}
 q - a potion of agility {unknown}
 u - a potion of mutation {unknown}
Comestibles
 f - 6 bread rations
 h - 4 meat rations
 j - 4 chunks of flesh
 s - a royal jelly


   Skills:
 - Level 4.1 Fighting
 - Level 6.0 Long Blades
 + Level 5.6 Armour
 - Level 9.0 Shields
 - Level 5.2 Invocations


You had 8 spell levels left.
You didn't know any spells.

Dungeon Overview and Level Annotations

Branches:
Dungeon (7/15)
 Temple: D:4-7

Altars:
Ashenzari
Cheibriados
Elyvilon
Kikubaaqudgha
Nemelex Xobeh
Sif Muna
Vehumet
The Shining One


Innate Abilities, Weirdness & Mutations

You are under a permanent stasis effect.
You can dig through walls and to a lower floor.
Your four strong arms can wield two-handed weapons with a shield.
You have a pair of large antennae on your head (SInv).


Message History

Beogh smites you!
* * * LOW HITPOINT WARNING * * *
Unknown command.
Okay, then.
Okay, then.
Drink which item? (? for menu, Esc to quit)
Okay, then.
You slash the orc priest!
The orc priest is heavily wounded.
You block the orc priest's attack.
You closely miss the orc priest.
The orc priest is heavily wounded.
The orc priest calls down the wrath of Beogh upon you.
Pain shoots through your body!
* * * LOW HITPOINT WARNING * * *
You closely miss the orc priest.
The orc priest is heavily wounded.
The orc priest invokes the aid of Beogh against you.
Beogh smites you!
You die...

#≈......##.....
#≈.......#?....
#≈.............
#≈........{....
≈≈.......{.....
...%..{{{#{{
...##..†##
####o# #@## ###


You could see an orc priest.

Vanquished Creatures
  A phantom (D:4)
  A sky beast (D:7)
  An ogre (D:5)
  The ghost of Murumi the Shield-Bearer, an amateur FoFi (D:3)
  2 giant frogs (D:6)
  4 killer bees (D:7)
  2 howler monkeys
  2 crimson imps
  5 orc priests
  A centaur skeleton (D:4)
  4 hounds
  4 orc wizards
  Natasha (thrice) (D:2)
  4 worker ants
  A killer bee zombie (D:5)
  A worker ant zombie (D:6)
  7 adders
  4 gnolls (D:4)
  A shadow imp (D:5)
  An adder skeleton (D:7)
  2 worms
  2 dart slugs
  4 giant geckos
  24 orcs
  6 giant cockroaches
  13 goblins
  11 hobgoblins
  11 jackals
  9 kobolds
  2 ball pythons
  11 bats
  5 giant newts
  5 rats
155 creatures vanquished.

Notes
Turn   | Place    | Note
--------------------------------------------------------------
     0 | D:1      | Murumi the Formicid Fighter began the quest for the Orb.
     0 | D:1      | Reached XP level 1. HP: 18/18 MP: 1/1
   173 | D:1      | Reached skill level 4 in Shields
   181 | D:1      | Reached XP level 2. HP: 24/24 MP: 2/2
   421 | D:1      | Reached XP level 3. HP: 29/29 MP: 3/3
  1233 | D:2      | Noticed Natasha
  1238 | D:2      | Killed Natasha
  1238 | D:2      | Reached XP level 4. HP: 35/35 MP: 4/4
  1456 | D:2      | Reached XP level 5. HP: 37/41 MP: 5/5
  1677 | D:2      | Reached skill level 5 in Shields
  1902 | D:3      | Noticed Murumi's ghost (amateur FoFi)
  1925 | D:2      | Noticed Natasha
  1935 | D:2      | Killed Natasha
  1956 | D:2      | Noticed Natasha
  1969 | D:2      | Killed Natasha
  2131 | D:3      | Reached skill level 6 in Shields
  2141 | D:3      | Reached XP level 6. HP: 42/47 MP: 6/6
  2150 | D:3      | Killed Murumi's ghost
  2190 | D:3      | Found a glowing golden altar of the Shining One.
  2436 | D:3      | Reached skill level 7 in Shields
  2714 | D:3      | HP: 2/47 [orc priest/divine providence (14)]
  3159 | D:3      | Reached XP level 7. HP: 52/52 MP: 7/7
  3494 | D:4      | Reached skill level 5 in Long Blades
  3898 | D:4      | Reached skill level 8 in Shields
  4135 | D:4      | Found a white marble altar of Elyvilon.
  4135 | D:4      | Found a snail-covered altar of Cheibriados.
  4139 | D:4      | Became a worshipper of Elyvilon the Healer
  4352 | D:5      | Entered Level 5 of the Dungeon
  4436 | D:5      | Reached XP level 8. HP: 52/58 MP: 8/8
  4605 | D:4      | Reached skill level 9 in Shields
  4784 | D:5      | Reached skill level 1 in Invocations
  5532 | D:5      | Found an ancient bone altar of Kikubaaqudgha.
  5536 | D:5      | Found a deep blue altar of Sif Muna.
  5537 | D:5      | Found a radiant altar of Vehumet.
  5540 | D:5      | Identified Kikubaaqudgha's Papyrus of Sinister Arts
  5717 | D:6      | Reached skill level 5 in Invocations
  5863 | D:6      | Reached * piety under Elyvilon
  5888 | D:6      | Found a shattered altar of Ashenzari.
  6016 | D:6      | Found a sparkling altar of Nemelex Xobeh.
  6461 | D:7      | Reached XP level 9. HP: 29/65 MP: 10/12
  6543 | D:7      | HP: 3/65 [killer bee (6)]
  6552 | D:7      | Reached skill level 5 in Armour
  6681 | D:7      | HP: 3/65 [orc priest/nerve-wracking pain (5)]
  6682 | D:7      | Killed from afar by an orc priest

Vault maps used:
D:1:      dpeg_arrival_tiny_g, st_stairs_12
D:2:      first_bread, uniq_natasha
D:3:      tso_metal_star, serial_corexii_hall, corexii_hall_statues_l,
          corexii_hall_statues_s, st_stairs_10
D:4:      gammafunk_temple_overflow_wave
D:5:      grunt_temple_overflow_magic_moments, serial_park_tiny_1
D:6:      kennysheep_mini, kennysheep_mini_moat
D:7:      temple_statues, enter_bailey_3

Skill      XL: |  1  2  3  4  5  6  7  8  9 |
---------------+----------------------------+-----
Shields        | 4 6 7 8 9 |  9.0
Long Blades    | 4 5 6 |  6.0
Invocations    | 5 |  5.2
Fighting       | 4 |  4.1
Armour         | 4 5 |  5.6

Action                   |  1- 3 |  4- 6 |  7- 9 || total
-------------------------+-------+-------+-------++-------
Melee: Long sword        |   118 |   231 |   413 ||   762
Invok: Lesser Healing    |       |       |    24 ||    24
 Abil: Dig               |       |     1 |     6 ||     7
  Use: Scroll            |     4 |     3 |     8 ||    15
       Potion            |       |     2 |     3 ||     5
  Eat: Chunk             |     1 |     7 |    11 ||    19
       Fruit             |       |       |     5 ||     5
Armor: Scale mail        |    11 |       |       ||    11
       Chain mail        |    62 |    96 |   127 ||   285
       Skin              |       |       |    41 ||    41
Dodge: Dodged            |    42 |    61 |    81 ||   184
Block: Shield            |    78 |   123 |    87 ||   288
       Large shield      |       |       |   285 ||   285
